 Dungeon Crawl Stone Soup version 0.31-a0-1172-g9944ec47dd (webtiles) character file.

Game seed: 9736884193382297034

9 Firecrotchwizard the Sneak (level 2, -1/27 HPs)
             Began as a Hill Orc Delver on Dec 10, 2023.
             Was an Initiate of Beogh.
             Hit by a boomerang thrown by an orc (3 damage)
             ... on level 2 of the Dungeon.
             The game lasted 00:01:22 (162 turns).

Firecrotchwizard the Sneak (Hill Orc Delver)         Turns: 162, Time: 00:01:23

Health: -1/27      AC:  3    Str: 14    XL:     2   Next: 12%
Magic:  2/2        EV: 11    Int: 10    God:    Beogh [......]
Gold:   19         SH:  0    Dex: 12    Spells: 1/1 levels left

rFire   . . .        a - +0 hand axe
rCold   . . .        (no shield)
rNeg    . . .        b - +0 leather armour
rPois   .            (no helmet)
rElec   .            (no cloak)
rCorr   .            (no gloves)
SInv    .            (no boots)
Will    .....        (no amulet)
Stlth   ++           (no ring)
HPRegen 0.24/turn    (no ring)
MPRegen 0.08/turn

%: no passive effects
@: no status effects
A: no striking features
a: Renounce Religion


You were on level 2 of the Dungeon.
You worshipped Beogh.
Beogh was noncommittal.
You visited 1 branch of the dungeon, and saw 4 of its levels.

You collected 19 gold pieces.

Inventory:

Hand Weapons
 a - a +0 hand axe (weapon)
Armour
 b - a +0 leather armour (worn)
Wands
 g - a wand of digging (3)
Scrolls
 d - a scroll of revelation
 f - a scroll of fog
 i - a scroll of teleportation {unknown}
Potions
 c - a potion of haste
 h - 2 potions of resistance {unknown}


   Skills:
 + Level 3.9 Fighting
 * Level 3.4 Axes
 - Level 1.5 Dodging
 - Level 4.1 Stealth


You had one spell level left.
You didn't know any spells.
Your spell library was empty.

Dungeon Overview and Level Annotations

Branches:
Dungeon (5/15)
 Temple: D:4-7

Altars:
Xom

Annotations:
D:2 Natasha
D:3 Jessica


Message History

Unknown command.
You start resting.
An endoplasm is nearby!
An endoplasm is nearby!
The endoplasm quivers.
You barely miss the endoplasm. The endoplasm freezes you.
You are frozen.
You hit the endoplasm but do no damage. The endoplasm barely misses you.
You hit the endoplasm but do no damage. The endoplasm barely misses you.
You hit the endoplasm.
The endoplasm is almost dead.
The endoplasm barely misses you. The endoplasm freezes you.
You are frozen.
* * * LOW HITPOINT WARNING * * *
You hit the endoplasm.
You kill the endoplasm!
Beogh accepts your kill.
You now have 9 gold pieces.
You start resting.
An endoplasm comes into view.
The orc priest hits the endoplasm with a +0 whip.
The endoplasm hits the orc priest.
The orc priest barely misses the endoplasm.
Something closely misses the orc priest.
The orc priest hits something with a +0 whip.
You start resting.
HP restored.
Things that are here:
a +0 club; a +0 club; an orc corpse You now have 19 gold pieces (gained 10).
Found a stone staircase leading up.
There is a stone staircase leading up here.
You climb upwards.
There is a stone staircase leading down here.
Natasha, Servant of Life and Death comes into view.
Press: ? - help, v - describe, . - travel
Here: Natasha (asleep)
The floor.
Placed new exclusion.
There is a stone staircase leading down here.
Found a stone staircase leading down.
A bat and 3 orcs come into view.
There is a stone staircase leading down here.
The orc shouts! x2
The bat barely misses you. The orc hits you with a +0 short sword.
You barely miss the orc. The bat hits you but does no damage.
The orc completely misses you.
You hit the orc.
The orc is heavily wounded.
You hit the bat.
You kill the bat!
Beogh accepts your kill.
You have reached level 2!
You hit the orc.
The orc is heavily wounded.
You hit the orc. The orc hits you with a +0 whip.
You closely miss the orc.
The orc is heavily wounded.
You hit the orc. The orc barely misses you. The orc hits you with a +0 club.
You hit the orc but do no damage.
The orc is heavily wounded.
You hit the orc but do no damage. The orc hits you with a +0 whip.
The orc hits you with a +0 club.
* * * LOW HITPOINT WARNING * * *
You are too injured to fight recklessly!
You are too injured to fight recklessly!
You are too injured to fight recklessly!
You barely miss the orc.
The orc is heavily wounded.
You hit the orc but do no damage. The orc hits you with a +0 whip.
* * * LOW HITPOINT WARNING * * *
The orc misses you. The orc attacks as it pursues you!
The orc hits you with a +0 club.
* * * LOW HITPOINT WARNING * * *
You hit the orc.
You kill the orc!
Beogh accepts your kill. The orc completely misses you.
You hit the orc.
The orc is heavily wounded.
The orc barely misses you.
You hit the orc but do no damage. You punch the orc.
The orc is heavily wounded.
The orc barely misses you.
You barely miss the orc. Your punch misses the orc.
The orc is heavily wounded.
The orc hits you with a +0 short sword.
* * * LOW HITPOINT WARNING * * *
You hit the orc but do no damage.
The orc is heavily wounded.
The orc barely misses you.
Unknown command.
You hit the orc.
You kill the orc!
Beogh accepts your kill.
The orc throws a boomerang.
The boomerang hits you.
You die...
Beogh appreciates the orc's killing of a heretic priest.

.# #.# #.# #.#
#.# ### #.#
..#
######.####.##
#.#
#....>.......#
#.#
#.####@####..
# #.# #.# #)#
#.##.###>#
#o†.....#
#........#
#..####.#
#.##.###.#
#..# #h #.#
#.# #..#
#..#.# #.#
.... #....#
#.# #.##
#.##.# #.# ##.


You could see an orc.

Vanquished Creatures
  3 orcs
  An endoplasm (D:3)
  A ball python (D:4)
  2 bats
7 creatures vanquished.

Vanquished Creatures (others)
  2 orcs (D:3)
  An endoplasm (D:3)
  A ball python (D:3)
  A goblin (D:3)
5 creatures vanquished.

Grand Total: 12 creatures vanquished

Notes
Turn   | Place    | Note
-------+----------+-------------------------------------------
     0 | D:5      | Firecrotchwizard the Hill Orc Delver began the quest for
                  | the Orb.
     0 | D:5      | Reached XP level 1. HP: 19/19 MP: 1/1
    14 | D:5      | Found a shimmering altar of Xom.
    34 | D:3      | Noticed Jessica
    41 | D:3      | Noticed an orc priest
    44 | D:3      | Became a worshipper of Beogh the Brigand
   133 | D:2      | Noticed Natasha
   152 | D:2      | Reached XP level 2. HP: 22/27 MP: 2/2
   160 | D:2      | HP: 1/27 [orc/+0 short sword (4)]
   162 | D:2      | Hit by a boomerang thrown by an orc

Illustrated notes

Levels and vault maps discovered:
D:2:      kennysheep_big_flooded_room, layout_loops_ring, roderic_lattice_a,
          kennysheep_generic_room_15, uniq_robin, uniq_natasha
D:3:      layout_rooms, general_overflow_altar, uniq_jessica, uniq_sigmund
D:4:      layout_loops_ring, mainiacjoe_overflow_alcove_2,
          nicolae_uskayaw_dance_hall, nicolae_overflow_hidden_temple,
          minmay_temple_entry_statues, serial_shops, nicolae_shop_crystal
D:5:      layout_loops_corners, xom_redecorated,
          lemuel_zombie_altar_yredelemnul, dk_noncrumbling_4,
          uniq_crazy_yiuf_cottage

Skill      XL: |  1 |
---------------+----+-----
Axes           | 3 |  3.4
Fighting       | |  3.9
Dodging        | |  1.5
Stealth        | |  4.1

Action                     || total
---------------------------++-------
  Melee: Hand axe          ||    21
         Punch             ||     1
 Invoke: Convert to Beogh  ||     1
    Use: Scroll            ||     1
   Stab: Sleeping          ||     1
 Armour: Leather armour    ||    13
  Dodge: Dodged            ||    14

Table legend: (Time is in decaauts)
 A = Elapsed time spent in this place.
 B = Non-inter-level travel time spent in this place.
 C = Inter-level travel time spent in this place.
 D = Time resting spent in this place.
 E = Time spent auto-exploring this place.
 F = Levels seen in this place.
 G = Mean time per level.
                   A        B        C        D        E       F      G
               +--------+--------+--------+--------+--------+-----+--------+
         Total |    164 |    164 |      0 |     42 |     25 |   4 |   41.0 |
       Dungeon |    164 |    164 |      0 |     42 |     25 |   4 |   41.0 |
               +--------+--------+--------+--------+--------+-----+--------+

Top non-repeatable levels by time:
     D:3: 99 daAuts
     D:2: 39 daAuts
     D:5: 16 daAuts
     D:4: 8 daAuts
